 Dungeon Crawl Stone Soup version 0.28-a0-1518-gbe868bca14 (webtiles) character file.

Game seed: 10055589672442869520

5 hashsling the Magician (level 1, -1/10 HPs)
             Began as a Deep Elf Hedge Wizard on Jan 16, 2022.
             Slain by a kobold (2 damage)
             ... on level 1 of the Dungeon.
             The game lasted 00:00:52 (201 turns).

hashsling the Magician (Deep Elf Hedge Wizard)       Turns: 201, Time: 00:00:54

Health: -1/10      AC:  2    Str:  7    XL:     1   Next: 66%
Magic:  0/8        EV: 12    Int: 18    God:
Gold:   15         SH:  0    Dex: 14    Spells: 8/9 levels left

rFire   . . .      SeeInvis .   a - +0 dagger
rCold   . . .      Faith    .   (no shield)
rNeg    . . .      Spirit   .   b - +0 robe
rPois   .          Reflect  .   c - +0 hat
rElec   .          Harm     .   (no cloak)
rCorr   .          Rampage  .   (no gloves)
Will    .....                   (no boots)
Stlth   ++........              (no amulet)
HPRegen 0.03/turn               (no ring)
MPRegen 0.11/turn               (no ring)

@: no status effects
A: no striking features
a: no special abilities


You were on level 1 of the Dungeon.
You visited 1 branch of the dungeon, and saw 1 of its levels.

You collected 15 gold pieces.

Inventory:

Hand Weapons
 a - a +0 dagger (weapon)
Armour
 b - a +0 robe (worn)
 c - a +0 hat (worn)
Scrolls
 d - a scroll of blinking {unknown}


   Skills:
 - Level 2.4 Dodging
 - Level 2.4 Stealth
 * Level 4.6 Spellcasting
 * Level 1.5 Conjurations
 - Level 1.1 Summonings
 - Level 1.1 Translocations


You had 8 spell levels left.
You knew the following spells:

 Your Spells              Type           Power      Damage    Failure   Level
a - Magic Dart            Conj           36%        1d4       8%          1

Your spell library contained the following spells:

 Spells                   Type           Power      Damage    Failure   Level
 Blink                    Tloc           16%        N/A       13%         2
 Call Imp                 Summ           8%         N/A       13%         2
 Slow                     Hex            16%        N/A       14%         1
 Conjure Flame            Conj/Fire      7%         6-21      30%         3
 Mephitic Cloud           Conj/Pois/Air  6%         N/A       32%         3


Dungeon Overview and Level Annotations

Branches:
Dungeon (1/15)

Altars:


Message History

The jackal bites you but does no damage.
Aiming: Magic Dart (safe; 8% risk of failure)
Press: ? - help, Q - select action Shift-Dir - straight line, f - kobold
Aim: a kobold, wielding a +0 dagger and quivering stones (100% to hit)
The magic dart hits the jackal.
You kill the jackal!
The bat barely misses you. The rat bites you.
* * * LOW HITPOINT WARNING * * *
You miss the bat. The bat hits you but does no damage.
The rat bites you but does no damage. The bat hits you but does no damage.
The kobold throws a stone.
The stone hits you but does no damage.
The kobold throws a stone.
The stone barely misses you.
You hit the rat.
You kill the rat!
The bat hits you but does no damage.
You hit the bat.
The bat is moderately wounded.
The bat closely misses you. The bat hits you.
* * * LOW HITPOINT WARNING * * *
You hit the bat. Your punch misses the bat.
The bat is moderately wounded.
The bat completely misses you. The bat closely misses you.
You closely miss the bat.
The bat is moderately wounded.
The bat barely misses you. The bat closely misses you.
You closely miss the bat.
The bat is moderately wounded.
The bat closely misses you. The bat hits you.
* * * LOW HITPOINT WARNING * * *
You barely miss the bat.
The bat is moderately wounded.
The bat hits you.
* * * LOW HITPOINT WARNING * * *
Aiming: Magic Dart (safe; 8% risk of failure)
Press: ? - help, Q - select action Shift-Dir - straight line, f - kobold
Aim: a kobold, wielding a +0 short sword (100% to hit)
The magic dart hits the kobold but does no damage.
The kobold hits you with a +0 short sword.
You die...

#.#..#...........#..#.#
#.'..+.....<.....'..'.#
#.#..#...........#..#.#
#.#########+#########.#
##.# .## #.## . ##.####
##. ##...#########...
.. ####..@Kb....####.#
.#####K#####....#
#.................
###.####......###
#.#.##...###.
#.#..†.......
..####.#...#. .### ...
.# .# .....


You could see a bat and 2 kobolds.

Vanquished Creatures
  2 jackals (D:1)
  A ball python (D:1)
  A frilled lizard (D:1)
  2 rats (D:1)
6 creatures vanquished.

Notes
Turn   | Place    | Note
-------+----------+-------------------------------------------
     0 | D:1      | hashsling the Deep Elf Hedge Wizard began the quest for the
                  | Orb.
     0 | D:1      | Reached XP level 1. HP: 10/10 MP: 7/7
   201 | D:1      | Slain by a kobold

Illustrated notes

Levels and vault maps discovered:
D:1:      dpeg_arrival_yet_another_circle, layout_rooms, minmay_small_reverse_x

Action                   || total
-------------------------++-------
Melee: Dagger            ||    16
 Cast: Magic Dart        ||    16
Armor: Robe              ||    13
Dodge: Dodged            ||    22

Table legend: (Time is in decaauts)
 A = Elapsed time spent in this place.
 B = Non-inter-level travel time spent in this place.
 C = Inter-level travel time spent in this place.
 D = Time resting spent in this place.
 E = Time spent auto-exploring this place.
 F = Levels seen in this place.
 G = Mean time per level.
                   A        B        C        D        E       F      G
               +--------+--------+--------+--------+--------+-----+--------+
         Total |    201 |    201 |      0 |      0 |    158 |   1 |  201.0 |
       Dungeon |    201 |    201 |      0 |      0 |    158 |   1 |  201.0 |
               +--------+--------+--------+--------+--------+-----+--------+

Top non-repeatable levels by time:
     D:1: 201 daAuts
